cohdb
Replays
Latest Replays
All Replays
Popular Replays
Top Player Replays
Match Explorer
How It Works
Community
CoH3 Stats
Reddit
Sign in to upload your games and track your stats! →
Sign in with Steam
Match 40553937
Unlisted
Match 40553937
Overview
Messages
Build Orders
End
Construct Weapon Support Center
M1919 Machine Gun Team
M1919 Machine Gun Team
Engineer Squad
Bazooka Squad
Bazooka Squad
Infantry Support Center
Sniper
Construct Barracks
Advanced Logistics
Construct Medical Station
Improved M9 Bazooka Rockets
Selects Advanced Infantry Battlegroup
Selects Convert to Ranger Squad
Selects Frontline Medical Station
Shade
HulkSMASH
RtN.momo4sho
Havoc
0
0
Comments
sign in to comment!
No comments posted yet!